 Dungeon Crawl Stone Soup version 0.28-a0-1555-g9ae15a6949 (webtiles) character file.

Game seed: 1043346750170890331

79 riojii the Insei (level 4, -3/28 HPs)
             Began as an Octopode Transmuter on Jan 19, 2022.
             Slain by a gnoll (8 damage)
             ... on level 2 of the Dungeon.
             The game lasted 00:03:52 (2225 turns).

riojii the Insei (Octopode Transmuter)              Turns: 2225, Time: 00:03:53

Health: -3/28      AC:  1    Str:  9    XL:     4   Next: 38%
Magic:  7/7        EV: 13    Int: 15    God:
Gold:   61         SH:  0    Dex: 14    Spells: 3/7 levels left

rFire   . . .      SeeInvis .     - Unarmed
rCold   . . .      Faith    .   (no shield)
rNeg    . . .      Spirit   .   (helmet currently unavailable)
rPois   .          Reflect  .   (no amulet)
rElec   .          Harm     .   (no ring)
rCorr   .          Rampage  .   (no ring)
Will    .....                   (no ring)
Stlth   ++........              (no ring)
HPRegen 0.09/turn               (no ring)
MPRegen 0.10/turn               (no ring)
                                (no ring)
                                (no ring)

@: appendages (expiring)
A: tentacle spike 3, almost no armour, amphibious, 8 rings, camouflage 1,
gelatinous body 1, (nimble swimmer 1), tentacles
a: End Transformation


You were on level 2 of the Dungeon.
One of your tentacles had grown a beastly spike.
You visited 1 branch of the dungeon, and saw 2 of its levels.

You collected 61 gold pieces.

Inventory:

Missiles
 b - 2 poisoned darts
Scrolls
 c - a scroll of fog {unknown}
 d - a scroll of identify
Potions
 a - a potion of attraction {unknown}
 e - a potion of mutation {unknown}


   Skills:
 + Level 1.4 Fighting
 + Level 2.4 Dodging
 * Level 3.6 Unarmed Combat
 + Level 2.3 Spellcasting
 * Level 3.0 Transmutations
 * Level 0.7 Poison Magic


You had 3 spell levels left.
You knew the following spells:

 Your Spells              Type           Power      Damage    Failure   Level
a - Beastly Appendage     Tmut           20%        N/A       6%          1
b - Spider Form           Tmut/Pois      7%         N/A       30%         3

Your spell library contained the following spells:

 Spells                   Type           Power      Damage    Failure   Level
 Sting                    Tmut/Pois      28%        1d4       10%         1
 Wereblood                Tmut           10%        N/A       10%         2
 Animate Skeleton         Necr           2%         N/A       22%         1
 Pain                     Necr           4%         1d4       22%         1
 Poisonous Vapours        Pois/Air       4%         N/A       28%         2
 Vampiric Draining        Necr           1%         2d6       54%         3
 Ice Form                 Ice/Tmut       6%         N/A       75%         4
 Olgreb's Toxic Radiance  Pois           3%         N/A       85%         4


Dungeon Overview and Level Annotations

Branches:
Dungeon (2/15)

Altars:

Shops:
D:2 !


Innate Abilities, Weirdness & Mutations

One of your tentacles has grown a beastly spike.
You cannot wear most types of armour.
You are amphibious.
You can wear up to eight rings at the same time.
Your skin changes colour to match your surroundings (Stealth+).
Your rubbery body absorbs attacks. (AC +1, EV +1)
((You are camouflaged when in or above water. (Stealth+)))
You have tentacles for arms and can constrict up to eight enemies at once.


Message History

The gnoll shouts!
The hobgoblin shouts!
You tentacle-slap the endoplasm. x2
The endoplasm is almost dead.
A hobgoblin opens the door.
The endoplasm freezes you.
You are frozen.
You tentacle-slap the endoplasm.
You kill the endoplasm!
Found a trident and a cloak.
You tentacle-slap the goblin. You grab the goblin. You squeeze the goblin.
You kill the goblin!
You tentacle-slap the rat but do no damage.
You grab the rat. You constrict the rat. The rat bites you.
You tentacle-slap the rat.
You kill the rat!
You tentacle-slap the hobgoblin. You grab the hobgoblin.
You pierce the hobgoblin.
You kill the hobgoblin!
The dart slug launches a dart at you. The slug dart misses you.
Found 6 gold pieces.
The goblin shouts!
The dart slug launches a dart at you. The slug dart hits you.
Items here: ) ? †††.
You are too injured to fight recklessly!
Found 22 bolts and 10 gold pieces.
Your transformation is almost over.
The gnoll hits you from afar with a +0 spear!
* * * LOW HITPOINT WARNING * * *
You tentacle-slap the dart slug. You grab the dart slug.
The dart slug is moderately wounded.
You constrict the dart slug. The dart slug launches a dart at you.
The slug dart misses you. The gnoll barely misses you.
You tentacle-slap the dart slug.
The dart slug is severely wounded.
You constrict the dart slug. The dart slug closely misses you.
The gnoll hits you from afar with a +0 spear!
You die...

#..... .$.(.#.###...#
#..... #..$+###.##..
+..... #####.+[..#.#
....
..##+###g##.###.######.#
.##..#####......##......
.#.:.B#....# #..##.###.#
.#).Sgw..#.# #..##.###.#
.##[S##@.#.###..##.....#
..####..)#.......#.#####
...................#####
.............?..........
######..##..##...#######
###..##..............
#....................
####.#.>...............<
#.................######


You could see a gnoll, a dart slug, a giant cockroach, a goblin and 2 ball
pythons.

Vanquished Creatures
  An adder (D:2)
  3 worms (D:2)
  3 dart slugs (D:1)
  3 ball pythons (D:2)
  4 bats
  7 endoplasms
  3 giant cockroaches
  5 goblins (D:2)
  8 hobgoblins
  3 kobolds (D:2)
  2 quokkas
  3 frilled lizards
  3 rats
48 creatures vanquished.

Notes
Turn   | Place    | Note
-------+----------+-------------------------------------------
     0 | D:1      | riojii the Octopode Transmuter began the quest for the Orb.
     0 | D:1      | Reached XP level 1. HP: 13/13 MP: 3/3
   100 | D:1      | Reached XP level 2. HP: 12/18 MP: 5/5
   505 | D:1      | Reached XP level 3. HP: 8/23 MP: 4/6
   990 | D:1      | Found a faded altar of an unknown god.
  1120 | D:2      | Found Deruim's Distillery.
  1348 | D:2      | Identified the +11 dagger of Saock {vamp, rC+}
  1488 | D:2      | Learned a level 3 spell: Spider Form
  1737 | D:2      | Reached XP level 4. HP: 27/28 MP: 7/7
  2225 | D:2      | Slain by a gnoll

Illustrated notes

Levels and vault maps discovered:
D:1:      ncdulo_watergridlock, layout_basic,
          hellmonk_ecumenical_altar_prayer_group
D:2:      minmay_diamond_boxcup, layout_basic, serial_shops,
          nicolae_shop_temple_entry_statues_fountains, minmay_joined_circles

Skill      XL: |  1  2  3  4 |
---------------+-------------+-----
Transmutations | 3 |  3.0
Fighting       | |  1.4
Dodging        | |  2.4
Unarmed Combat | |  3.6
Spellcasting   | |  2.3
Poison Magic   | |  0.7

Action                   |  1- 3 |  4- 6 || total
-------------------------+-------+-------++-------
Melee: Unarmed           |    79 |    24 ||   103
       Kick              |    24 |     4 ||    28
       Constrict         |    22 |     7 ||    29
       Tentacles         |    16 |     6 ||    22
       Punch             |     2 |     1 ||     3
 Cast: Beastly Appendage |    16 |     4 ||    20
  Use: Scroll            |     2 |       ||     2
 Stab: Sleeping          |     6 |       ||     6
Armor: Skin              |     8 |     7 ||    15
Dodge: Dodged            |    34 |    23 ||    57

Table legend: (Time is in decaauts)
 A = Elapsed time spent in this place.
 B = Non-inter-level travel time spent in this place.
 C = Inter-level travel time spent in this place.
 D = Time resting spent in this place.
 E = Time spent auto-exploring this place.
 F = Levels seen in this place.
 G = Mean time per level.
                   A        B        C        D        E       F      G
               +--------+--------+--------+--------+--------+-----+--------+
         Total |   2218 |   2214 |      4 |     89 |   1832 |   2 | 1109.0 |
       Dungeon |   2218 |   2214 |      4 |     89 |   1832 |   2 | 1109.0 |
               +--------+--------+--------+--------+--------+-----+--------+

Top non-repeatable levels by time:
     D:2: 1109 daAuts
     D:1: 1108 daAuts
